 Dungeon Crawl Stone Soup version 0.29-a0-998-g1987434951 (webtiles) character file.

Game seed: 16287343605962611176

16 vurker the Ducker (level 2, 0/21 HPs)
             Began as a Felid Berserker on Aug 5, 2022.
             Was a Follower of Trog.
             Slain by Terence
             ... wielding a +1 vampiric trident
              (9 damage)
             ... on level 2 of the Dungeon.
             The game lasted 00:02:20 (1364 turns).

vurker the Ducker (Felid Berserker)                 Turns: 1364, Time: 00:02:21

Health: 0/21       AC:  1    Str: 13    XL:     2   Next: 41%
Magic:  3/3        EV: 18    Int:  8    God:    Trog [*.....]
Gold:   146        SH:  0    Dex: 15    Spells: 1/1 levels left
                                        Lives:  0   Deaths: 0

rFire   . . .      SeeInvis +     - Unarmed
rCold   . . .      Faith    .   (shield unavailable)
rNeg    . . .      Spirit   .   (body armour unavailable)
rPois   .          Reflect  .   (helmet unavailable)
rElec   .          Harm     .   (cloak unavailable)
rCorr   .          Rampage  .   (gloves unavailable)
Will    .....                   (boots unavailable)
Stlth   ..........              (no amulet)
HPRegen 0.07/turn               (no ring)
MPRegen 0.08/turn               (no ring)

@: berserking, very quick
A: very small, claws 1, fangs 3, see invisible, speed 1, shaggy fur 1, stealthy
paws, no weapons or thrown items, no armour, multi-lived
a: Renounce Religion, Berserk


You were on level 2 of the Dungeon.
You worshipped Trog.
Trog was aware of your devotion.
You visited 1 branch of the dungeon, and saw 2 of its levels.

You collected 146 gold pieces.

Inventory:

Scrolls
 a - a scroll of identify {unknown}
 b - 2 scrolls of noise {unknown}
 c - a scroll of poison {unknown}
 d - a scroll of torment {unknown}
 e - a scroll of enchant armour {unknown}
 g - 2 scrolls of teleportation {unknown}
Potions
 f - 2 potions of curing {unknown}


   Skills:
 + Level 3.1 Fighting
 + Level 4.2 Dodging
 + Level 1.2 Stealth
 * Level 3.3 Unarmed Combat


You had one spell level left.
You didn't know any spells.
Your spell library was empty.

Dungeon Overview and Level Annotations

Branches:
Dungeon (2/15)

Altars:

Shops:
D:1 =

Annotations:
D:2 Terence


Innate Abilities, Weirdness & Mutations

You have sharp claws.
You have razor-sharp teeth.
You have supernaturally acute eyesight. (SInv)
You cover ground quickly. (Speed+)
You are covered in fur. (AC +1)
Your paws help you pounce on unaware monsters.
You are incapable of wielding weapons or throwing items.
You cannot wear armour.
You gain extra lives every three experience levels.


Message History

Found 9 gold pieces.
A worm comes into view.
A red film seems to cover your vision as you go berserk!
You feel yourself moving faster!
You feel mighty!
An endoplasm comes into view.
You feel a strong urge to attack something.
The endoplasm quivers.
The worm completely misses you.
You claw the worm! Your bite misses the worm. You claw the worm!
You kill the worm!
Trog accepts your kill.
You feel a strong urge to attack something.
You feel your anger nearly subside.
You are no longer berserk.
You are exhausted.
You feel yourself slow down.
There is a stone staircase leading up here.
You climb upwards.
There is a stone staircase leading down here.
You start waiting.
You feel yourself speed up.
You climb downwards.
The endoplasm misses you. The endoplasm hits you.
There is a stone staircase leading up here.
You claw the endoplasm!
You kill the endoplasm!
Trog accepts your kill.
No target in view!
You recover from your berserk rage.
You now have 146 gold pieces (gained 9).
Found a stone staircase leading up.
Found a stone staircase leading down.
Found 5 stones.
A goblin comes into view. It is wielding a +0 club.
A goblin is nearby!
Terence and a goblin come into view.
Terence is wielding a +1 vampiric trident.
Terence shouts!
The goblin shouts!
A red film seems to cover your vision as you go berserk!
You feel yourself moving faster!
You feel mighty!
You mangle the goblin!!
You kill the goblin!
Trog accepts your kill.
Terence hits you from afar with a +1 vampiric trident!
Ouch! That really hurt!
* * * LOW HITPOINT WARNING * * *
You see here a +0 club.
You claw Terence! Terence closely misses you.
You barely miss Terence. Your bite misses Terence.
Terence hits you with a +1 vampiric trident!
You die...

#.........#.......#
#########.##.....#
#....# ###..###
##...# #.#..#
#.##>..# #@# ##.#
#@# # #.# ##.#
##..# ##...##
#.....# #.#.#.##
#......#
########.#.#..# #


You could see Terence.

Vanquished Creatures
  A worm (D:2)
  4 endoplasms
  A goblin (D:2)
  3 hobgoblins (D:1)
  A ball python (D:1)
  A kobold (D:1)
  A rat (D:1)
12 creatures vanquished.

Notes
Turn   | Place    | Note
-------+----------+-------------------------------------------
     0 | D:1      | vurker the Felid Berserker began the quest for the Orb.
     0 | D:1      | Reached XP level 1. HP: 10/10 MP: 2/2
   197 | D:1      | Found Nogo's Jewellery Emporium.
   854 | D:1      | Reached XP level 2. HP: 14/14 MP: 3/3
  1001 | D:1      | Found a faded altar of an unknown god.
  1050 | D:1      | Reached skill level 1 in Stealth
  1343 | D:2      | Noticed Terence
  1364 | D:2      | Slain by Terence

Illustrated notes

Levels and vault maps discovered:
D:1:      dreamdust_arrival_beginning_and_end, layout_loops_ring, serial_shops,
          shop_coins, shapermc_ecumenical_altar_mp_ritualfount
D:2:      layout_rooms, basic_altar, serial_glass, glass_columns_a,
          glass_columns_c, hangedman_decor_diamond_cutter, uniq_robin,
          uniq_sigmund, uniq_terence

Skill      XL: |  1  2 |
---------------+-------+-----
Stealth        | 1 |  1.2
Fighting       | |  3.1
Dodging        | |  4.2
Unarmed Combat | |  3.3

Action                   || total
-------------------------++-------
Melee: Unarmed           ||    29
       Bite              ||     2
       Punch             ||     2
Invok: Berserk           ||     2
 Stab: Sleeping          ||     2
Dodge: Dodged            ||    14

Table legend: (Time is in decaauts)
 A = Elapsed time spent in this place.
 B = Non-inter-level travel time spent in this place.
 C = Inter-level travel time spent in this place.
 D = Time resting spent in this place.
 E = Time spent auto-exploring this place.
 F = Levels seen in this place.
 G = Mean time per level.
                   A        B        C        D        E       F      G
               +--------+--------+--------+--------+--------+-----+--------+
         Total |   1212 |   1204 |      8 |     19 |    937 |   2 |  606.0 |
       Dungeon |   1212 |   1204 |      8 |     19 |    937 |   2 |  606.0 |
               +--------+--------+--------+--------+--------+-----+--------+

Top non-repeatable levels by time:
     D:1: 1088 daAuts
     D:2: 124 daAuts
